 Dungeon Crawl Stone Soup version 0.26.0-16-gc1dbca0489 (webtiles) character file.

Game seed: 9401045064596244777

1523 Froggeryz the Grappler (level 8, -17/63 HPs)
             Began as a Ghoul Delver on Jan 18, 2021.
             Was an Initiate of Qazlal.
             Demolished by a two-headed ogre
             ... wielding a +0 giant club
              (30 damage)
             ... on level 7 of the Dungeon.
             The game lasted 00:06:43 (6534 turns).

Froggeryz the Grappler (Ghoul Delver)               Turns: 6534, Time: 00:06:43

Health: -17/63     AC:  6    Str: 18    XL:     8   Next: 84%
Magic:  7/7        EV: 10    Int:  5    God:    Qazlal [......]
Gold:   379        SH:  5    Dex: 10    Spells: 7/7 levels left

rFire    + . .     SeeInvis .     - Unarmed
rCold    + + .     Faith    .   n - +0 buckler
rNeg     + + +     Spirit   .   u - +0 scale mail
rPois    ∞         Reflect  .   (no helmet)
rElec    .         Harm     .   A - scarf {rC+ rF+}
rCorr    .         Rampage  .   (no gloves)
Will     .....                  (no boots)
Stlth    +.........             (no amulet)
HPRegen  0.00/turn              (no ring)
MPRegen  0.10/turn              (no ring)

@: no status effects
A: claws 1, cold resistance 1, negative energy resistance 3, inhibited
regeneration, torment resistance, unbreathing
a: Renounce Religion


You were on level 7 of the Dungeon.
You worshipped Qazlal.
Qazlal was noncommittal.
You visited 2 branches of the dungeon, and saw 8 of its levels.

You collected 379 gold pieces.

Inventory:

Missiles
 z - 23 poisoned darts (quivered)
Armour
 n - a +0 buckler (worn)
 u - a +0 scale mail (worn)
 A - a scarf of resistance (worn)
Jewellery
 m - an uncursed ring of flight {unknown}
Wands
 f - a wand of digging (1)
 y - a wand of acid (6)
Scrolls
 b - a scroll of fog
 c - 2 scrolls of magic mapping
 d - 3 scrolls of fear
 h - 2 scrolls of enchant armour
 j - 5 scrolls of identify
 p - a scroll of amnesia
 t - a scroll of remove curse {unknown}
 w - a scroll of enchant weapon {unknown}
Potions
 e - 2 potions of haste
 g - a potion of invisibility
 i - 2 potions of heal wounds {unknown}
 l - a potion of brilliance {unknown}
 q - a potion of flight {unknown}
 s - 2 potions of lignification {unknown}
 v - 2 potions of degeneration {unknown}
 x - a potion of attraction {unknown}


   Skills:
 - Level 3.2 Fighting
 + Level 0.1 Armour
 - Level 1.7 Dodging
 - Level 5.4 Stealth
 - Level 5.0 Shields
 * Level 10.1 Unarmed Combat


You had 7 spell levels left.
You didn't know any spells.
Your spell library contained the following spells:

 Spells                   Type           Power        Failure   Level
 Summon Small Mammal      Summ           0%           88%         1
 Call Imp                 Summ           0%           95%         2
 Call Canine Familiar     Summ           0%           99%         3
 Summon Guardian Golem    Hex/Summ       0%           99%         3
 Summon Ice Beast         Ice/Summ       0%           100%        4
 Summon Lightning Spire   Summ/Air       0%           100%        4


Dungeon Overview and Level Annotations

Branches:
Dungeon (7/15)             Temple (1/1) D:6

Altars:
Ashenzari
Cheibriados
Dithmenos
Fedhas
Gozag
Hepliaklqana
Kikubaaqudgha
Makhleb
Nemelex Xobeh
Okawaru
Qazlal
Ru
Sif Muna
Trog
Uskayaw
Vehumet
Wu Jian
Xom
Yredelemnul
Zin
The Shining One

Annotations:
D:7 2 runed translucent doors


Innate Abilities, Weirdness & Mutations

You thrive by killing the living.
You are immune to poison.
You have sharp fingernails.
Your flesh is cold resistant. (rC+)
You are immune to negative energy. (rN+++)
You do not regenerate when monsters are visible.
You are immune to unholy pain and torment.
You can survive without breathing.


Message History

The two-headed ogre is heavily wounded.
The two-headed ogre hits you with a +0 giant club!
The two-headed ogre hits you but does no damage.
You scratch the two-headed ogre.
The two-headed ogre is severely wounded.
You claw the two-headed ogre!
The two-headed ogre is severely wounded.
The two-headed ogre hits you with a +0 giant club!!
You block the two-headed ogre's attack.
You scratch the two-headed ogre.
The two-headed ogre is almost dead.
You scratch the two-headed ogre.
The two-headed ogre is almost dead.
You block the two-headed ogre's attack.
The two-headed ogre hits you with a +0 giant club!
* * * LOW HITPOINT WARNING * * *
You barely miss the two-headed ogre.
The two-headed ogre is almost dead.
The two-headed ogre hits you with a +0 giant club!!
You die...

##.. #. .#8# #... #.
##.#. ##...# #. #.8.
####...# #.##..# #
..###...#.....#8# ##
#..###........ ...
##+## #....## ....
#...#..###.O.##.....
#...# #...##@.......
##+## ####.).##.....
##...###(...).# ....
#####.(†...........
###...#.#....#.###
###...#.#......#...
##...###.###..#.#
..# #..### #.#
#...... #.# ##..##
#.. ...#.#.# #.


You could see a two-headed ogre (corroded).

Vanquished Creatures
  Sigmund (D:5)
  An orc warrior (Temple)
  4 ice beasts
  2 ogres
  2 centaurs
  2 bullfrogs
  A scorpion (D:5)
  An orc priest (D:7)
  2 orc wizards
  A bullfrog skeleton (D:7)
  2 iguanas (D:7)
  A hound skeleton (D:7)
  2 worker ant zombies
  3 gnolls (D:7)
  9 adders
  A white imp (D:6)
  An ufetubus (D:5)
  2 dart slugs
  3 worms (D:2)
  4 leopard geckos
  8 orcs
  3 ball pythons
  6 bats
  2 giant cockroaches
  11 goblins
  5 hobgoblins
  7 jackals
  5 kobolds
  2 quokkas
  6 frilled lizards
  11 rats
111 creatures vanquished.

Notes
Turn   | Place    | Note
-------+----------+-------------------------------------------
     0 | D:5      | Froggeryz the Ghoul Delver began the quest for the Orb.
     0 | D:5      | Reached XP level 1. HP: 19/19 MP: 0/0
   170 | D:4      | Found a snail-covered altar of Cheibriados.
   246 | D:5      | Noticed an ice beast
   438 | D:2      | Reached skill level 3 in Unarmed Combat
   438 | D:2      | Reached XP level 2. HP: 26/26 MP: 1/1
   707 | D:3      | Reached XP level 3. HP: 13/31 MP: 2/2
   896 | D:3      | Reached skill level 4 in Unarmed Combat
  1259 | D:2      | Found a glowing golden altar of the Shining One.
  1598 | D:1      | Reached XP level 4. HP: 38/38 MP: 3/3
  2285 | D:2      | Reached skill level 5 in Unarmed Combat
  2637 | D:2      | Reached XP level 5. HP: 45/45 MP: 4/4
  2686 | D:2      | Reached skill level 1 in Shields
  2869 | D:3      | Noticed a centaur
  2879 | D:3      | Killed a centaur
  2880 | D:3      | Reached skill level 6 in Unarmed Combat
  2880 | D:3      | Reached XP level 6. HP: 24/51 MP: 5/5
  3609 | D:4      | Reached skill level 7 in Unarmed Combat
  3609 | D:4      | Reached XP level 7. HP: 46/57 MP: 6/6
  4331 | D:5      | Noticed Sigmund
  4343 | D:5      | Killed Sigmund
  4344 | D:5      | Reached skill level 8 in Unarmed Combat
  4526 | D:5      | Reached XP level 8. HP: 59/63 MP: 7/7
  4845 | D:6      | Found a staircase to the Ecumenical Temple.
  4924 | Temple   | Entered the Ecumenical Temple
  4990 | Temple   | Became a worshipper of Qazlal Stormbringer
  5082 | Temple   | Reached skill level 9 in Unarmed Combat
  5867 | D:7      | Found a runed translucent door.
  5867 | D:7      | Found a runed translucent door.
  6267 | D:7      | Reached skill level 10 in Unarmed Combat
  6464 | D:7      | Reached skill level 5 in Shields
  6523 | D:7      | Noticed a two-headed ogre
  6534 | D:7      | Demolished by a two-headed ogre

Illustrated notes

Levels and vault maps discovered:
D:1:      eino_arrival_cavern_e, layout_loops_ring
D:2:      layout_rooms, tso_metal_star
D:3:      layout_rooms
D:4:      lemuel_upstairs_altar, layout_cave_pools
D:5:      layout_loops_ring, portal_sewer_entry_d, uniq_sigmund
D:6:      layout_gridville, minmay_temple_entry_ruins
D:7:      minmay_the_grid_four_pointed_star
          [minmay_the_grid_triangle_9x9_tough_junction,
          minmay_the_grid_triangle_9x9_empty,
          minmay_the_grid_triangle_9x9_limited_checkers,
          minmay_the_grid_triangle_9x9_empty, minmay_the_grid_prize_big_room],
          layout_loops_cross, serial_shops, nicolae_shop_waterfront,
          nicolae_shop_crystal, kennysheep_mini, nicolae_shop_statue_plus
Temple:   minmay_crystal_snake_temple

Skill      XL: |  1  2  3  4  5  6  7  8 |
---------------+-------------------------+-----
Unarmed Combat | 3 4 5 6 7 8 10 | 10.1
Shields        | 2 3 5 |  5.0
Fighting       | |  3.2
Armour         | |  0.1
Dodging        | |  1.7
Stealth        | |  5.4

Action                   |  1- 3 |  4- 6 |  7- 9 || total
-------------------------+-------+-------+-------++-------
Melee: Unarmed           |    94 |   136 |   136 ||   366
       Punch             |       |     1 |       ||     1
Throw: Dart              |       |       |     6 ||     6
Evoke: Wand              |     2 |       |     4 ||     6
  Use: Scroll            |       |       |     5 ||     5
       Potion            |       |       |     5 ||     5
 Stab: Sleeping          |     4 |     6 |     2 ||    12
Armor: Leather armour    |    24 |    29 |       ||    53
       Scale mail        |       |       |    44 ||    44
Dodge: Dodged            |    63 |    73 |    47 ||   183
Block: Buckler           |       |       |    13 ||    13
